 Dungeon Crawl Stone Soup version 0.19.0-16-g73b5abf (webtiles) character file.

1519 IcyTea the Basher (level 8, -3/79 HPs)
             Began as an Ogre Hunter on Nov 10, 2016.
             Slain by a bullfrog skeleton (4 damage)
             ... on level 6 of the Dungeon.
             The game lasted 00:17:36 (7739 turns).

IcyTea the Basher (Ogre Hunter)                     Turns: 7739, Time: 00:17:37

Health: -3/79      AC: 13    Str: 20    XL:     8   Next: 84%
Magic:  8/8        EV:  5    Int: 12    God:
Gold:   334        SH:  0    Dex: 10    Spells: 0 memorised, 7 levels left

rFire  . . .     SeeInvis .     u - +3 flail (holy)
rCold  . . .     Gourm    .     e - +1 shadow dragon scales
rNeg   . . .     Faith    .     (no shield)
rPois  .         Spirit   .     (helmet restricted)
rElec  .         Reflect  .     o - +0 cloak
rCorr  .         Harm     .     (gloves unavailable)
MR     .....                    (boots unavailable)
Stlth  ++........               (no amulet)
                                (no ring)
                                p - +2 ring of strength

@: no status effects
A: unfitting armour, tough skin 1
a: no special abilities


You were on level 6 of the Dungeon.
You were near starving.

You visited 1 branch of the dungeon, and saw 6 of its levels.

You collected 334 gold pieces.

Inventory:

Hand Weapons
 u - a +3 flail of holy wrath (weapon)
Missiles
 c - 4 large rocks (quivered)
 d - 2 throwing nets
Armour
 e - +1 shadow dragon scales (worn)
 o - a +0 cloak (worn)
Jewellery
 p - a +2 ring of strength (left hand)
Wands
 t - a wand of paralysis (11/24)
Scrolls
 j - 2 scrolls of remove curse
 n - a scroll of noise
 r - 5 scrolls of identify
Potions
 a - a potion of agility {unknown}
 g - 2 potions of curing
 k - a potion of resistance
 l - a potion of invisibility
 q - a potion of brilliance {unknown}
 s - a potion of cancellation
Comestibles
 f - 6 bread rations
 h - 4 meat rations
 i - 3 beef jerkies


   Skills:
 - Level 4.3 Fighting
 + Level 12.9 Maces & Flails
 - Level 4.0 Throwing
 - Level 1.7 Dodging
 - Level 0.6 Stealth


You had 7 spell levels left.
You didn't know any spells.

Dungeon Overview and Level Annotations

Branches:
Dungeon (6/15)
 Temple: D:4-7

Altars:
Okawaru
Sif Muna
Vehumet
Xom
The Shining One


Innate Abilities, Weirdness & Mutations

You are too large for most types of armour.
You have tough skin. (AC +1)


Message History

The electric eel shoots out a bolt of lightning at you!
The bolt of electricity hits you!
The electric eel shoots out a bolt of lightning at you!
The bolt of electricity misses you.
You see here 3 tomahawks.
The electric eel shoots out a bolt of lightning at you!
The bolt of electricity hits you!
A bullfrog skeleton comes into view.
The electric eel shoots out a bolt of lightning at you!
The bolt of electricity hits you!
* * * LOW HITPOINT WARNING * * *
The electric eel shoots out a bolt of lightning at you!
The bolt of electricity hits you!
* * * LOW HITPOINT WARNING * * *
The electric eel shoots out a bolt of lightning at you!
The bolt of electricity hits you!
* * * LOW HITPOINT WARNING * * *
Okay, then.
The bullfrog skeleton hits you.
You die...

###.# #......# #.....#
#...##≈≈≈≈≈≈≈≈≈≈######.# #.###.#
..###≈≈≈≈≈≈≈≈≈≈≈≈#####.###.###.#
####≈≈≈≈≈≈≈≈≈≈≈≈≈≈##.........#.#
###≈≈≈≈≈≈≈≈≈≈≈≈≈≈≈≈###.###.#.#.#
##≈≈≈≈≈≈≈≈≈≈≈≈≈≈≈≈≈≈#..#
#.#.#.##
.#≈≈≈≈≈≈≈≈;≈≈≈≈≈≈≈≈≈####
#......# .#≈≈≈≈≈≈≈....≈≈≈≈≈≈≈###
###..#.# ............J...@.....#
##...# ............(..$.Z....#
##.## .#≈≈≈≈≈≈≈....≈≈;≈≈≈≈#.#
###.# .#≈≈≈≈≈≈≈≈≈≈≈≈≈≈≈≈≈≈#
#...# .#≈≈≈≈≈≈≈≈≈≈≈≈≈≈≈≈≈≈#
#.### .##≈≈≈≈≈≈≈;≈≈≈≈≈≈≈≈## #.#
.###≈≈≈≈≈≈≈≈≈≈≈≈≈≈## #.# .#
##≈≈≈≈≈≈≈≈≈≈≈≈## #.# .#
##≈≈≈≈≈≈≈≈≈≈## #.#


You could see a jelly, 3 electric eels and a bullfrog skeleton.

Vanquished Creatures
  Sigmund (D:4)
  Edmund (D:6)
  An ice beast (D:6)
  A black bear (D:5)
  A bullfrog (D:5)
  2 scorpions
  A bullfrog zombie (D:5)
  3 crimson imps
  A centaur skeleton (D:5)
  3 orc priests
  2 hounds
  2 jellies (D:6)
  4 orc wizards
  Crazy Yiuf (D:4)
  4 worker ants
  A hound skeleton (D:5)
  Robin (D:2)
  A howler monkey skeleton (D:6)
  3 gnolls (D:4)
  7 adders
  A shadow imp (D:6)
  An ooze (D:1)
  4 worms (D:2)
  6 leopard geckos
  25 orcs
  6 giant cockroaches
  19 goblins
  12 hobgoblins
  4 jackals
  2 quokkas
  3 ball pythons
  2 bats
  5 frilled lizards
  4 kobolds
  A leopard gecko skeleton (D:4)
  A leopard gecko zombie (D:5)
  7 rats
144 creatures vanquished.

Notes
Turn   | Place    | Note
-------+----------+-------------------------------------------
     0 | D:1      | IcyTea the Ogre Hunter began the quest for the Orb.
     0 | D:1      | Reached XP level 1. HP: 22/22 MP: 1/1
   180 | D:1      | Reached XP level 2. HP: 23/31 MP: 2/2
   258 | D:1      | Found a glowing golden altar of the Shining One.
  1031 | D:2      | Reached skill level 1 in Maces & Flails
  1031 | D:2      | Reached XP level 3. HP: 15/40 MP: 3/3
  1380 | D:2      | Reached skill level 2 in Maces & Flails
  1426 | D:2      | Found a shimmering altar of Xom.
  1455 | D:2      | Noticed Robin
  1501 | D:2      | Killed Robin
  1501 | D:2      | Reached skill level 3 in Maces & Flails
  1501 | D:2      | Reached XP level 4. HP: 27/49 MP: 4/4
  1806 | D:2      | Found a deep blue altar of Sif Muna.
  2721 | D:3      | Reached skill level 4 in Maces & Flails
  2965 | D:3      | Reached XP level 5. HP: 13/55 MP: 5/5
  3056 | D:2      | Reached skill level 5 in Maces & Flails
  3934 | D:3      | Reached skill level 6 in Maces & Flails
  3941 | D:3      | Reached XP level 6. HP: 22/63 MP: 6/6
  4546 | D:4      | Reached skill level 7 in Maces & Flails
  4784 | D:4      | Reached skill level 8 in Maces & Flails
  4852 | D:4      | Found an iron altar of Okawaru.
  4852 | D:4      | Found a radiant altar of Vehumet.
  5134 | D:4      | Reached XP level 7. HP: 68/71 MP: 7/7
  5389 | D:4      | Noticed Sigmund
  5399 | D:4      | Killed Sigmund
  5399 | D:4      | Reached skill level 9 in Maces & Flails
  5462 | D:4      | Found a runed door.
  5466 | D:4      | Noticed Crazy Yiuf
  5468 | D:4      | Killed Crazy Yiuf
  5593 | D:5      | Entered Level 5 of the Dungeon
  5677 | D:5      | Reached skill level 10 in Maces & Flails
  6109 | D:5      | Reached XP level 8. HP: 74/79 MP: 8/8
  6440 | D:5      | Found a faded altar of an unknown god.
  6440 | D:5      | Found a faded altar of an unknown god.
  6445 | D:5      | Found a faded altar of an unknown god.
  6447 | D:5      | Found a glowing golden altar of the Shining One.
  6449 | D:5      | Found a faded altar of an unknown god.
  6826 | D:5      | Reached skill level 11 in Maces & Flails
  7005 | D:6      | Noticed Edmund
  7032 | D:6      | Killed Edmund
  7032 | D:6      | Reached skill level 12 in Maces & Flails
  7738 | D:6      | HP: 1/79 [electric eel/bolt of electricity (11)]
  7739 | D:6      | Slain by a bullfrog skeleton

Skill      XL: |  1  2  3  4  5  6  7  8 |
---------------+-------------------------+-----
Fighting       | 3 4 |  4.3
Maces & Flails | 1 3 4 6 8 10 12 | 12.9
Throwing       | |  4.0
Dodging        | |  1.7
Stealth        | |  0.6

Action                   |  1- 3 |  4- 6 |  7- 9 || total
-------------------------+-------+-------+-------++-------
Melee: Short sword       |    66 |       |       ||    66
       Club              |    49 |   133 |       ||   182
       Flail             |       |   156 |   256 ||   412
Throw: Large rock        |    10 |     6 |     8 ||    24
       Throwing net      |       |     2 |       ||     2
  Use: Scroll            |     4 |     2 |     2 ||     8
       Potion            |     1 |     6 |       ||     7
 Stab: Sleeping          |     1 |     2 |     3 ||     6
       Distracted        |       |       |     1 ||     1
  Eat: Chunk             |     2 |    11 |     6 ||    19
       Pizza             |       |       |     1 ||     1
Armor: Robe              |    35 |    21 |       ||    56
       Skin              |    17 |     1 |       ||    18
       Shadow dragon sca |       |   104 |   170 ||   274
Dodge: Dodged            |    78 |   101 |    72 ||   251
